 Dungeon Crawl Stone Soup version 0.18-a0-1702-gd20c6a5 (webtiles) character file.

99 4thArraOfDagon the Chopper (level 4, -2/41 HPs)
             Began as a Hill Orc Berserker on Apr 6, 2016.
             Was a Follower of Trog.
             Slain by a gnoll
             ... wielding a +0 flail
              (3 damage)
             ... on level 5 of the Dungeon.
             The game lasted 00:01:50 (541 turns).

4thArraOfDagon the Chopper (Hill Orc Berserker)      Turns: 541, Time: 00:01:51

Health: -2/41      AC:  9    Str: 17 (20) XL:     4   Next: 72%
Magic:  4/4        EV:  7    Int:  5 (7)  God:    Trog [*.....]
Gold:   15         SH:  0    Dex:  9 (10) Spells: 0 memorised, 3 levels left

rFire  . . .     SeeInvis .     h - +0 war axe
rCold  . . .     Gourm    .     e - +0 chain mail
rNeg   . . .     Faith    .     (no shield)
rPois  .         Spirit   .     (no helmet)
rElec  .         Dismiss  .     (no cloak)
rCorr  .         Reflect  .     (no gloves)
SustAt .         Harm     .     (no boots)
MR     .....                    (no amulet)
Stlth  ..........               (no ring)
                                (no ring)

@: exhausted, slowed, very slow, not resistant to hostile enchantments,
extremely unstealthy
A: no striking features
a: Berserk, Burn Spellbooks, Renounce Religion


You were on level 5 of the Dungeon.
You worshipped Trog.
Trog was aware of your devotion.
You were very hungry.

You visited 1 branch of the dungeon, and saw 5 of its levels.

You collected 15 gold pieces.

Inventory:

Hand Weapons
 h - a +0 war axe (weapon)
Armour
 e - a +0 chain mail (worn)
Scrolls
 b - 2 scrolls of remove curse {unknown}
 f - 4 scrolls of identify {unknown}
 g - a scroll of enchant armour {unknown}
 i - a scroll of teleportation {unknown}
Comestibles
 a - 2 meat rations
 c - 2 bread rations
 j - 3 chunks of flesh


   Skills:
 + Level 4.4 Fighting
 * Level 5.5 Axes
 + Level 3.2 Armour
 - Level 1.5 Dodging


You had 3 spell levels left.
You didn't know any spells.

Dungeon Overview and Level Annotations

Branches:
Dungeon (5/15)
 Temple: D:4-7

Altars:
Pakellas


Message History

The gnoll is heavily wounded.
You closely miss the gnoll.
The gnoll is heavily wounded.
The gnoll hits you with a flail.
The gnoll hits you but does no damage. x2
The gnoll hits you with a flail.
You closely miss the gnoll.
The gnoll is heavily wounded.
You hit the gnoll but do no damage.
The gnoll is heavily wounded.
The gnoll barely misses you.
The gnoll hits you but does no damage. x2
You hit the gnoll.
The gnoll is severely wounded.
You closely miss the gnoll.
The gnoll is heavily wounded.
The gnoll hits you with a flail!
* * * LOW HITPOINT WARNING * * *
The gnoll hits you with a spear.
* * * LOW HITPOINT WARNING * * *
The gnoll hits you with a flail.
You die...

.. .. #. #. #. #g
####### ######g###
#.....#
......g@.#####.....#
.#####.#.))........#
#...######.....#
#.... #.....# ##...
###.### ##.#
###.##### #.
#..<....# #.
#.#.###.# #+ #.#.#


You could see 3 gnolls.

Vanquished Creatures
  A worker ant (D:4)
  4 gnolls (D:5)
  An adder (D:5)
  An ooze (D:1)
  2 worms (D:4)
  A goblin (D:2)
  3 hobgoblins
  3 jackals (D:3)
  A ball python (D:1)
  A bat (D:1)
  A giant newt (D:2)
  2 kobolds (D:1)
  3 rats
24 creatures vanquished.

Vanquished Creatures (others)
  A cyclops (D:4)
1 creature vanquished.

Grand Total: 25 creatures vanquished

Notes
Turn   | Place    | Note
--------------------------------------------------------------
     0 | D:1      | 4thArraOfDagon the Hill Orc Berserker began the quest for the Orb.
     0 | D:1      | Reached XP level 1. HP: 19/19 MP: 1/1
    24 | D:2      | Reached XP level 2. HP: 23/27 MP: 2/2
   274 | D:4      | Reached XP level 3. HP: 33/33 MP: 3/3
   316 | D:4      | Found an oddly glowing altar of Pakellas.
   317 | D:4      | Noticed a cyclops
   321 | D:4      | Killed a cyclops
   434 | D:4      | Reached skill level 5 in Axes
   499 | D:5      | Entered Level 5 of the Dungeon
   505 | D:5      | Reached XP level 4. HP: 36/40 MP: 4/4
   541 | D:5      | HP: 1/41 [gnoll/spear (3)]
   541 | D:5      | Slain by a gnoll

Vault maps used:
D:1:      onia_arrival_handbag
D:2:      led_sif_pool, nrook_mini_backslash
D:3:      okawaru_altar_gauntlet_db, uniq_jessica
D:4:      serial_curves, eino_curves_01, eino_curves_01,
          gammafunk_pakellas_spire_experiment
D:5:      grunt_temple_overflow_order_and_chaos_2, serial_shops, shop,
          first_bread, hangedman_glass_teeth, uniq_sigmund

Skill      XL: |  1  2  3 |
---------------+----------+-----
Fighting       | 4 |  4.4
Axes           | 5 |  5.5
Armour         | 3 |  3.2
Dodging        | |  1.5

Action                   |  1- 3 |  4- 6 || total
-------------------------+-------+-------++-------
Melee: Hand axe          |    40 |       ||    40
       War axe           |    13 |    19 ||    32
Invok: Berserk           |     3 |     1 ||     4
  Use: Potion            |       |     1 ||     1
  Eat: Chunk             |     2 |       ||     2
